 Dungeon Crawl Stone Soup version 0.19.0-19-g8c6edcc (webtiles) character file.

425 lorenzova the Skirmisher (level 6, -4/62 HPs)
             Began as a Deep Dwarf Fighter on Nov 14, 2016.
             Slain by an ogre
             ... wielding a +0 giant club
              (28 damage)
             ... on level 4 of the Dungeon.
             The game lasted 00:04:25 (2049 turns).

lorenzova the Skirmisher (Deep Dwarf Fighter)       Turns: 2049, Time: 00:04:25

Health: -4/62      AC: 10    Str: 21    XL:     6   Next: 64%
Magic:  6/6        EV:  7    Int:  8    God:
Gold:   186        SH: 13    Dex: 13    Spells: 0 memorised, 5 levels left

rFire  . . .     SeeInvis .     a - +0 war axe
rCold  . . .     Gourm    .     n - +0 chain mail
rNeg   . . .     Faith    .     c - +0 shield
rPois  .         Spirit   .     w - +0 helmet
rElec  .         Reflect  +     u - +1 cloak {+Inv}
rCorr  .         Harm     .     (no gloves)
MR     .....                    (no boots)
Stlth  ..........               q - +4 amulet of reflection
                                s - -2 ring of protection (curse)
                                y - ring of loudness (curse)

@: non-regenerating
A: damage resistance, recharge devices, sense surroundings 1, slow regeneration
3
a: Device Recharging, Evoke Invisibility


You were on level 4 of the Dungeon.
You were not hungry.

You visited 1 branch of the dungeon, and saw 4 of its levels.

You collected 186 gold pieces.

Inventory:

Hand Weapons
 a - a +0 war axe (weapon)
Armour
 b - a +0 scale mail
 c - a +0 shield (worn)
 l - the +1 leather armour "Xifiacibb" {rPois, unknown}
   (You found it on level 4 of the Dungeon)

   It protects you from poison.
 n - a +0 chain mail (worn)
 u - a +1 cloak of invisibility (worn)
 w - a +0 helmet (worn)
Jewellery
 h - an uncursed ring of ice
 q - a +4 amulet of reflection (around neck)
 r - an uncursed amulet of the gourmand
 s - a cursed -2 ring of protection (right hand)
 v - an uncursed ring of protection from magic
 y - a cursed ring of loudness (left hand)
Wands
 e - a wand of heal wounds (4/9)
Scrolls
 k - 4 scrolls of identify
 t - 2 scrolls of fear
 A - 2 scrolls of enchant weapon
Potions
 d - 3 potions of might
 p - a potion of heal wounds
 x - a potion of flight {unknown}
Comestibles
 f - 3 bread rations
 g - 3 meat rations
 i - a beef jerky
 j - 2 royal jellies
 m - 4 fruits


   Skills:
 * Level 5.8 Fighting
 - Level 2.1 Axes
 - Level 3.2 Armour
 + Level 4.2 Dodging
 - Level 3.2 Shields


You had 5 spell levels left.
You didn't know any spells.

Dungeon Overview and Level Annotations

Branches:
Dungeon (4/15)
 Temple: D:4-7

Altars:
Hepliaklqana
Xom


Innate Abilities, Weirdness & Mutations

You are resistant to damage.
You can recharge devices by infusing magical energy.
You passively map a small area around you.
You do not regenerate.


Message History

The howler monkey zombie is moderately damaged.
You block the howler monkey zombie's attack.
You barely miss the howler monkey zombie.
The howler monkey zombie is moderately damaged.
The howler monkey zombie barely misses you.
The howler monkey zombie hits you but does no damage.
You hit the howler monkey zombie.
The howler monkey zombie is heavily damaged.
The howler monkey zombie barely misses you.
You slash the howler monkey zombie!
The howler monkey zombie is almost destroyed.
You block the howler monkey zombie's attack.
The howler monkey zombie closely misses you.
You slash the howler monkey zombie!
You destroy the howler monkey zombie!
The ogre hits you with a giant club!!
You hit the ogre.
The ogre is moderately wounded.
The ogre hits you with a giant club!!
You die...

######### #.......#
#.#####.# #.# #.#
#######.# #.# ........#
#.#### ######### #....#
..# ####.# #.# #@# #.#
#O# #.#
############.######## #.#
#.................>.#
#.###.##########.######.#
#....<# #.# *,* #######
#.# * #.# ** #.#


You could see an ogre.

Vanquished Creatures
  An ice beast (D:3)
  An ogre (D:4)
  An orc priest (D:3)
  A hound (D:4)
  An iguana (D:4)
  A worker ant (D:4)
  A howler monkey zombie (D:4)
  6 adders
  An ooze (D:1)
  An adder skeleton (D:4)
  2 worms
  A dart slug (D:3)
  3 leopard geckos
  3 orcs (D:3)
  3 bats
  A giant cockroach (D:3)
  9 goblins
  7 hobgoblins
  2 quokkas
  2 ball pythons
  A ball python skeleton (D:4)
  4 frilled lizards
  5 kobolds
  8 rats
66 creatures vanquished.

Notes
Turn   | Place    | Note
-------+----------+-------------------------------------------
     0 | D:1      | lorenzova the Deep Dwarf Fighter began the quest for the Orb.
     0 | D:1      | Reached XP level 1. HP: 20/20 MP: 1/1
    61 | D:1      | Reached skill level 3 in Fighting
    61 | D:1      | Reached skill level 1 in Dodging
    63 | D:1      | Reached XP level 2. HP: 25/28 MP: 2/2
   566 | D:2      | Reached XP level 3. HP: 28/34 MP: 3/3
   758 | D:2      | Reached XP level 4. HP: 32/44 MP: 4/4
   783 | D:2      | Reached skill level 4 in Fighting
   842 | D:2      | Found a hazy altar of Hepliaklqana.
  1164 | D:3      | Noticed an ice beast
  1176 | D:3      | Killed an ice beast
  1176 | D:3      | Reached XP level 5. HP: 37/51 MP: 5/5
  1375 | D:3      | Reached skill level 5 in Fighting
  1656 | D:3      | Found a shimmering altar of Xom.
  1738 | D:4      | Noticed an orc warrior
  1827 | D:4      | Reached XP level 6. HP: 41/61 MP: 6/6
  1946 | D:4      | Got a polished leather armour
  2049 | D:4      | Slain by an ogre

Skill      XL: |  1  2  3  4  5  6 |
---------------+-------------------+-----
Fighting       | 3 4 5 |  5.8
Dodging        | 1 2 3 4 |  4.2
Axes           | |  2.1
Armour         | |  3.2
Shields        | |  3.2

Action                   |  1- 3 |  4- 6 || total
-------------------------+-------+-------++-------
Melee: War axe           |    90 |   139 ||   229
Evoke: Wand              |       |     3 ||     3
  Use: Scroll            |       |     8 ||     8
  Eat: Chunk             |       |     4 ||     4
Armor: Scale mail        |    19 |       ||    19
       Chain mail        |    34 |    63 ||    97
Dodge: Dodged            |    25 |    25 ||    50
Block: Shield            |    53 |    83 ||   136
